AoeStats
← bebebababon

Black Forest

509302453Analyzed
4v4 RM · 7d ago on Sep 26, 2026· 21m 29s· 8 players
Game mode
Random Map
Map size
Large (8 player)
Population
200
Speed
Normal
Resources
Standard
Victory
Conquest
Starting age
Dark Age
Ending age
Imperial Age
RankedLock teamsTeams togetherTeam positionsShared explorationLock speedFull tech treeHidden civsTurbo modeCheats
Victory
Defeat
🇬🇧 Italians · United Kingdom
1122
+14
🇹🇷 Persians · Türkiye
1111
+14
🇨🇳 Persians · China
1065
+16
🇨🇳 Franks · China
1025
+18
🇷🇺 Magyars · Russia
1153
-20
🇮🇳 Cumans · India
1081
-16
🇹🇼 Goths · Taiwan
1067
-15
🇹🇼 Britons · Taiwan
969
-11
d55663
0:31 Loom
我不知道
11:08 Feudal Age
15:45 Castle Age
15:26 Double-Bit Axe
16:33 Fishing Lines
16:43 Horse Collar
18:06 Bow Saw
--[=====>
10:40 Feudal Age
11:07 Loom
12:24 Man-at-Arms
bebebababon
13:59 Feudal Age
12:14 Loom
18:35 Castle Age
17:02 Double-Bit Axe
18:53 Horse Collar
21:08 Bow Saw
Ares xD
0:51 Loom
14:11 Feudal Age
15:37 Double-Bit Axe
16:00 Horse Collar
18:22 Castle Age
17:07 Fishing Lines
19:35 Wheelbarrow
19:07 Gillnets
19:50 Bow Saw
pacoyyds
0:29 Loom
13:48 Feudal Age
14:39 Double-Bit Axe
18:16 Castle Age
16:46 Forging
17:25 Scale Barding Armor
18:00 Gold Mining
20:02 Bow Saw
itsapencilcase
11:23 Feudal Age
11:53 Feudal Age
10:10 Loom
14:47 Double-Bit Axe
14:46 Horse Collar
17:15 Castle Age
21:41 Bow Saw
21:42 Heavy Plow
ssseeing
3:53 Loom
21:10 Feudal Age
Connection lost

Rejoining the realm…

Still unreachable

The connection could not be restored.

Session expired

The server has moved on; the page needs a fresh start.